 Dungeon Crawl Stone Soup version 0.31.0-11-ge490571c62 (webtiles) character file.

Game seed: 5391325867155064485

98 Bobbunny the Ruffian (level 4, 0/39 HPs)
             Began as a Naga Shapeshifter on Jan 27, 2024.
             Slain by a gnoll
             ... wielding a +0 whip of freezing
              (3 damage)
             ... on level 2 of the Dungeon.
             The game lasted 00:01:59 (1891 turns).

Bobbunny the Ruffian (Naga Shapeshifter)            Turns: 1891, Time: 00:01:59

Health: 0/39       AC:  2    Str: 18    XL:     4   Next: 69%
Magic:  4/4        EV:  9    Int: 10    God:
Gold:   92         SH:  0    Dex: 11    Spells: 3/3 levels left

rFire   + .          .
                       - Unarmed
rCold   . . .        (no shield)
rNeg    . . .        a - +0 animal skin
rPois   +            (helmet currently unavailable)
rElec   .            (cloak currently unavailable)
rCorr   .            (gloves currently unavailable)
SInv    +            (no barding)
Will    .....        (no amulet)
Stlth   ++           m - ring of protection from fire
HPRegen 0.26/turn    (no ring)
MPRegen 0.09/turn

%: no passive effects
@: beast-form, very slow
A: beast (slay +2), AC +1, large, see invisible, deformed body, poison
resistance, slowness 2, spit poison 1, naga tail 1
a: Spit Poison, Begin Untransformation


You were on level 2 of the Dungeon.
You were a hulking beast.
You visited 1 branch of the dungeon, and saw 3 of its levels.

You collected 92 gold pieces.

Inventory:

Missiles
 f - 3 poisoned darts
Armour
 a - a +0 animal skin (worn)
 h - a +0 helmet
Jewellery
 m - a ring of protection from fire (left hand)
Talismans
 c - a beast talisman
 d - a flux talisman
Scrolls
 e - 2 scrolls of teleportation {unknown}
 g - a scroll of poison {unknown}
 i - a scroll of fog {unknown}
 k - a scroll of identify {unknown}
 l - a scroll of blinking {unknown}
 n - a scroll of enchant armour {unknown}
Potions
 b - a potion of lignification
 j - a potion of berserk rage {unknown}


   Skills:
 + Level 2.2 Fighting
 - Level 1.5 Dodging
 - Level 3.0 Stealth
 + Level 3.7 Unarmed Combat
 + Level 3.5 Shapeshifting


You had 3 spell levels left.
You didn't know any spells.
Your spell library was empty.

Dungeon Overview and Level Annotations

Branches:
Dungeon (3/15)

Altars:


Innate Abilities, Weirdness & Mutations

You are a hulking beast.
Your limbs bulge with bestial killing power. (Slay +2)
Your serpentine skin is tough. (AC +1)
You have supernaturally acute eyesight. (SInv)
Armour fits poorly on your strangely shaped body.
Your system is resistant to poisons. (rPois)
You cover ground very slowly.
You can spit poison.
You have a snake-like lower body.


Message History

Things that are here:
a +0 club; a goblin corpse
There is a stone staircase leading down here.
You climb downwards.
The gnoll shouts! x3
Found a stone staircase leading down.
There is a stone staircase leading up here.
There are monsters nearby!
There are monsters nearby!
You hit the gnoll.
The gnoll is lightly wounded.
You hit the gnoll.
The gnoll is moderately wounded.
The gnoll barely misses you.
The gnoll hits you from afar with a +0 spear.
The gnoll hits you with a +0 whip of freezing.
The gnoll freezes you.
The gnoll hits you from afar with a +0 spear.
The gnoll hits you with a +0 whip.
You climb upwards.
There is a stone staircase leading down here.
You closely miss the gnoll.
The gnoll is moderately wounded.
The gnoll hits you with a +0 whip of freezing.
The gnoll freezes you. The gnoll barely misses you.
You closely miss the gnoll.
The gnoll is moderately wounded.
The gnoll hits you with a +0 whip of freezing.
The gnoll freezes you. The gnoll hits you with a +0 whip!
* * * LOW HITPOINT WARNING * * *
You are too injured to fight recklessly!
You are too injured to fight recklessly!
You hit the gnoll.
The gnoll is lightly wounded.
The gnoll misses you. The gnoll hits you with a +0 whip.
* * * LOW HITPOINT WARNING * * *
You closely miss the gnoll.
The gnoll is lightly wounded.
The gnoll hits you with a +0 whip of freezing.
You die...

....................#.......###
...####.................#.....###
.....##..........#....#####......
####.###........###.....#........
...#.##..........##.........#....
...#..#..........##.....#...#....
...#..#..........##......#.###.#.
...#.............##.##......#...#
...#...........gh##.........#....
'###...#.......g#...####........#
.....####.........#.####......###
...#.............................
..#..#####..#######....).........
.)..## #..........#...<..........
###..###..##......#........†.....
####......##......#.#######.#....
#.....###.##......#.# ####.#....


You could see 2 gnolls.

Vanquished Creatures
  3 adders (D:2)
  3 dart slugs
  A ribbon worm (D:2)
  7 bats
  7 endoplasms
  A giant cockroach (D:1)
  5 goblins
  7 hobgoblins
  6 jackals
  A quokka (D:2)
  3 ball pythons
  5 frilled lizards
  4 kobolds
  6 rats
59 creatures vanquished.

Notes
Turn   | Place    | Note
-------+----------+-------------------------------------------
     0 | D:1      | Bobbunny the Naga Shapeshifter began the quest for the Orb.
     0 | D:1      | Reached XP level 1. HP: 18/18 MP: 1/1
    88 | D:1      | Reached skill level 1 in Stealth
    88 | D:1      | Reached XP level 2. HP: 25/25 MP: 2/2
   414 | D:1      | Reached XP level 3. HP: 18/31 MP: 3/3
  1145 | D:2      | Reached XP level 4. HP: 30/39 MP: 4/4
  1891 | D:2      | Slain by a gnoll

Illustrated notes

Levels and vault maps discovered:
D:1:      dpeg_arrival_subterranean_lakeside_camping, layout_loops_ring
D:2:      layout_rooms, kennysheep_big_empty_room, st_stairs_2, fountainhead,
          hangedman_decor_lopped, nrook_mini_vaults, minmay_cut_off
D:3:      layout_rooms, mainiacjoe_overflow_24_doors, ebering_ghost_sewer_d,
          serial_curves, eino_curves_04, eino_curves_03, eino_curves_01,
          eino_curves_01, uniq_terence, uniq_sigmund, uniq_ijyb, uniq_grinder

Skill      XL: |  1  2  3  4 |
---------------+-------------+-----
Stealth        | 1 2 3 |  3.0
Fighting       | 2 |  2.2
Dodging        | |  1.5
Unarmed Combat | |  3.7
Shapeshifting  | |  3.5

Action                     |  1- 3 |  4- 6 || total
---------------------------+-------+-------++-------
  Melee: Unarmed           |   115 |    75 ||   190
         Punch             |     1 |     1 ||     2
   Stab: Sleeping          |     5 |     2 ||     7
 Armour: Animal skin       |    82 |    70 ||   152
  Dodge: Dodged            |    58 |    47 ||   105
